Unix NetHack Version 5.0.0-0 post-release - last build Jul 19 2026 19:10:59 (3aa4ab31751d3886436d94b585a96704892fd477,branch:main).

Game began 2026-07-20 13:52:51, ended 2026-07-22 08:30:05.

A4Paper, chaotic female elven Wizard

    -------                             -------
    |......###                          |.....|
    |..f..|  ##-----------             #.......
    |....@d## #|.........|             #|.....|
    |.....| ###...........##############|.....|
    --.----   #|...).....|        #  ###-------
      #       #|.........|        #
      ###     #--|--------   ######
        #     ################
        #         ###
        #           #
 -------%-          #
 |.......|       #  #
 |!(!++..|     --.--.--
 |%[//)%.|     |......|
 |.?%[.?.|     |..).<.|
 |/%%(%.?|     |......+
 |))!!???|     --------
 ---------

A4Paper the Conjurer      St:11 Dx:10 Co:14 In:16 Wi:14 Ch:11  Chaotic S:244
Dlvl:2  $:0  HP:0(15) Pw:1(30) AC:8  Xp:3/46 T:1014 

Latest messages:
 You see here a kobold corpse.
 You swap places with Bluey.
 You stop.  Bluey is in the way!
 "Hello, A4Paper!  Welcome again to Ouiatchouane's general store!"
 There is an open door here.
 You see here a kobold corpse.
 Bluey picks up a lembas wafer.
 There is an open door here.
 You see here a kobold corpse.
 Bluey drops a lembas wafer.
 Bluey picks up a mace.
 You stop.  Bluey is in the way!
 You swap places with Bluey.
 "Hello, A4Paper!  Welcome again to Ouiatchouane's general store!"
 There is an open door here.
 You see here a kobold corpse.
 There is an open door here.
 You see here a kobold corpse.
 Bluey picks up a mace.
 You are beginning to feel hungry.
 Bluey drops a mace.
 You swap places with Bluey.
 You see here a mace.
 y - a mace.
 What do you want to eat? [wx or ?*]
 This fortune cookie is delicious!
 This cookie has a scrap of paper inside.
 It reads:
 They say that NetHack is just a computer game.
 You stop.  Bluey is in the way!
 You fail to cast the spell correctly.
 A kobold suddenly appears next to you!
 Bluey misses the kobold.
 The kobold hits!
 Bluey misses the kobold.
 The kobold hits!
 Bluey misses the kobold.
 In what direction?
 The spell hits the kobold!
 You kill the kobold!
 The coyote bites!
 In what direction?
 The spell misses the coyote.
 The coyote bites!
 You miss the coyote.
 The coyote bites!
 You miss the coyote.
 The coyote bites!
 You die...
 Do you want your possessions identified? [ynq] (y)

Inventory:
 Weapons  (')')
  t - a +1 orcish dagger (weapon in right hand)
  y - a +0 mace
  a - a blessed +1 quarterstaff
 Armor    ('[')
  b - an uncursed +1 cloak of magic resistance (being worn)
 Comestibles  ('%')
  w - 2 uncursed food rations
 Scrolls  ('?')
  k - an uncursed scroll of confuse monster
  i - an uncursed scroll of enchant weapon
 Spellbooks  ('+')
  m - an uncursed spellbook of confuse monster
  v - an uncursed spellbook of create monster
  p - an uncursed spellbook of detect treasure
  l - a blessed spellbook of force bolt
  q - an uncursed spellbook of jumping
 Potions  ('!')
  r - a blessed potion of extra healing
  s - an uncursed potion of extra healing
  h - an uncursed potion of sickness
  g - an uncursed potion of speed
  f - an uncursed potion of water
 Rings    ('=')
  d - an uncursed ring of shock resistance (on left hand)
  e - an uncursed ring of stealth (on right hand)
 Tools    ('(')
  o - an uncursed wooden flute
  n - a magic marker (0:20)

A4Paper the Wizard's attributes:

Background:
 You were a Conjurer, a level 3 female elven Wizard.
 You were chaotic, nominally on a mission for Anhur
 who was opposed by Ptah (lawful) and Thoth (neutral).
 You were right-handed.
 You were in the Dungeons of Doom, on level 2.
 You entered the dungeon 1014 turns ago.
 You had 46 experience points, 34 more were needed to attain level 4.
 Your score was 244 before end-of-game adjustments.

Basics:
 You had 0 out of 15 hit points.
 You had 1 out of 30 energy points (spell power).
 Your armor class was 8.
 Your wallet was empty.
 Autopickup was off.

Final Characteristics:
 Your strength was 11 (limit:18).
 Your dexterity was 10 (limit:18).
 Your constitution was 14 (limit:16).
 Your intelligence was 16 (limit:20).
 Your wisdom was 14 (limit:20).
 Your charisma was 11 (limit:18).

Final Status:
 You weren't hungry.
 You were unencumbered.
 You were wielding a dagger.
 You were unskilled in dagger.

Final Attributes:
 You were fervently aligned.
 You were magic-protected.
 You were shock resistant.
 Your items were protected from electric shocks.
 You had infravision.
 You were stealthy.
 You were warded.
 You are dead.

Miscellaneous:
 You didn't encounter any bones levels.
 Total elapsed playing time was 8 minutes and 16 seconds.

Major events:
 Turn
    1: A4Paper the chaotic female elven Wizard entered the dungeon
  918: attained the rank of Conjurer (level 3)
 1014: killed by a coyote

Spells:
 Name                 Level Category     Fail Retention
 force bolt             1   attack         0%  91%-100%
 confuse monster        1   enchantment    0%  91%-100%
 detect treasure        4   divination   100%  76%-100%
 jumping                1   escape         0%  76%-100%
 create monster         2   clerical      67%  76%-100%

Skills:
 Fighting Skills
   bare handed combat [Unskilled]
   riding             [Unskilled]
 Weapon Skills
   dagger             [Unskilled]
   knife              [Unskilled]
   axe                [Unskilled]
   short sword        [Unskilled]
   club               [Unskilled]
   mace               [Unskilled]
   quarterstaff       [Basic]
   polearms           [Unskilled]
   spear              [Unskilled]
   trident            [Unskilled]
   sling              [Unskilled]
   dart               [Unskilled]
   shuriken           [Unskilled]
 Spellcasting Skills
   attack spells      [Basic]
   healing spells     [Unskilled]
   divination spells  [Unskilled]
   enchantment spells [Basic]
   clerical spells    [Unskilled]
   escape spells      [Unskilled]
   matter spells      [Unskilled]

Voluntary challenges:
 Character rerolling was not enabled.
 You were an atheist.
 You never genocided any monsters.
 You never polymorphed an object.
 You never changed form.
 You used no wishes.
Achievements:
 You entered a shop.
 You attained the rank of Conjurer.

 The Dungeons of Doom: levels 1 to 2
    Level 1:
    Level 2: <- You were here.
       A general store.
       Final resting place for
          you, killed by a coyote.


Vanquished creatures:
  a gecko
  2 jackals
  4 kobolds
  2 goblins
  4 grid bugs
  a lichen
  a kobold zombie
  3 newts
18 creatures vanquished.

No species were genocided or became extinct.

Game over:
                       ----------
                      /          \
                     /    REST    \
                    /      IN      \
                   /     PEACE      \
                  /                  \
                  |     A4Paper      |
                  |       0 Au       |
                  |   killed by a    |
                  |      coyote      |
                  |                  |
                  |                  |
                  |       2026       |
                 *|     *  *  *      | *
        _________)/\\_//(\/(/\)/\//\/|_)_______

Goodbye A4Paper the Wizard...

You died in The Dungeons of Doom on dungeon level 2 with 244 points,
and 0 pieces of gold, after 1014 moves.
You were level 3 with a maximum of 15 hit points when you died.

